 Dungeon Crawl Stone Soup version 0.28.0 (webtiles) character file.

Game seed: 14717926184960344018

156 ooooo the Conjurer (level 5, -1/31 HPs)
             Began as an Octopode Conjurer on Feb 12, 2022.
             Slain by an adder (3 damage)
             ... on level 4 of the Dungeon.
             The game lasted 00:05:38 (4676 turns).

ooooo the Conjurer (Octopode Conjurer)              Turns: 4676, Time: 00:05:38

Health: -1/31      AC:  1    Str:  4 (6)  XL:     5   Next: 38%
Magic:  4/8        EV: 13    Int: 21 (23) God:
Gold:   152        SH:  0    Dex:  8 (10) Spells: 3/8 levels left

rFire   . . .      SeeInvis .   (no weapon)
rCold   . . .      Faith    .   (no shield)
rNeg    . . .      Spirit   .   (helmet restricted)
rPois   .          Reflect  .   (no amulet)
rElec   .          Harm     .   (no ring)
rCorr   .          Rampage  .   (no ring)
Will    .....                   (no ring)
Stlth   ++++......              (no ring)
HPRegen 0.10/turn               (no ring)
MPRegen 0.11/turn               (no ring)
                                (no ring)
                                (no ring)

@: weak-willed
A: almost no armour, amphibious, 8 rings, camouflage 1, gelatinous body 1,
nimble swimmer 1, tentacles
a: no special abilities


You were on level 4 of the Dungeon.
You visited 1 branch of the dungeon, and saw 4 of its levels.

You collected 152 gold pieces.

Inventory:

Jewellery
 a - a ring of resist corrosion
Scrolls
 b - a scroll of noise
 f - a scroll of enchant armour


   Skills:
 - Level 2.0 Dodging
 - Level 2.6 Stealth
 - Level 2.0 Spellcasting
 - Level 5.6 Conjurations
 + Level 2.9 Hexes


You had 3 spell levels left.
You knew the following spells:

 Your Spells              Type           Power      Damage    Failure   Level
a - Magic Dart            Conj           100%       1d8       1%          1
b - Fulminant Prism       Conj/Hex       10%        3d9       26%         4

Your spell library contained the following spells:

 Spells                   Type           Power      Damage    Failure   Level
 Searing Ray              Conj           50%        2d6       2%          2
 Dazzling Flash           Conj/Hex       40%        N/A       8%          3
 Ensorcelled Hibernation  Hex/Ice        16%        N/A       12%         2
 Mephitic Cloud           Conj/Pois/Air  9%         N/A       21%         3
 Passwall                 Tmut/Erth      1%         N/A       22%         2
 Gell's Gravitas          Tloc           2%         N/A       41%         3
 Ignite Poison            Fire/Tmut/Pois 2%         N/A       41%         3
 Lesser Beckoning         Tloc           2%         N/A       41%         3
 Swiftness                Air            2%         N/A       41%         3
 Teleport Other           Tloc           2%         N/A       41%         3
 Iskenderun's Mystic Bla  Conj/Tloc      13%        2d5       43%         4
 Freezing Cloud           Conj/Ice/Air   4%         6-21      88%         5


Dungeon Overview and Level Annotations

Branches:
Dungeon (4/15)
 Temple: D:4-7

Altars:
Cheibriados

Annotations:
D:4 Edmund


Innate Abilities, Weirdness & Mutations

You cannot wear most types of armour.
You are amphibious.
You can wear up to eight rings at the same time.
Your skin changes colour to match your surroundings (Stealth+).
Your rubbery body absorbs attacks. (AC +1, EV +1)
You are camouflaged when in or above water. (Stealth+)
You have tentacles for arms and can constrict up to eight enemies at once.


Message History

The giant cockroach bites you. The orc closely misses you.
The adder barely misses you.
The orc splashes around in the water.
The iguana bites you.
As you read the scroll labelled TEESUJ ATITEA, it crumbles to dust.
The scroll dissolves into smoke.
It was a scroll of fog.
The giant cockroach splashes around in the water.
The adder completely misses you. The orc hits you with a +0 dagger.
* * * LOW HITPOINT WARNING * * *
The iguana completely misses you.
The giant cockroach splashes around in the water.
As you read the scroll labelled ULUORU QOISIN, it crumbles to dust.
You assume a fearsome visage.
The iguana looks frightened!
The adder looks frightened!
The orc looks frightened! x5
The giant cockroach looks frightened!
The hound skeleton is unaffected.
It was a scroll of fear.
Cornered, the adder turns to fight!
The adder closely misses you.
A nearby plant withers and dies.
The adder misses you. The hound skeleton misses you.
The adder barely misses you. The hound skeleton closely misses you.
Found 17 gold pieces.
The hound skeleton bites you.
* * * LOW HITPOINT WARNING * * *
The adder bites you but does no damage. The adder bites you.
* * * LOW HITPOINT WARNING * * *
Casting: Magic Dart (safe; 1% risk of failure)
Confirm with . or Enter, or press ? or * to list all spells.
You don't know that spell.
Unknown command.
Casting: Magic Dart (safe; 1% risk of failure)
Confirm with . or Enter, or press ? or * to list all spells.
The spell is extremely dangerous to miscast (26% risk of failure)!
Continue anyway?
Aiming: Fulminant Prism (extremely dangerous; 26% risk of failure)
Press: ? - help, Dir - move target You conjure a prism of explosive energy!
A fulminant prism comes into view.
The hound skeleton closely misses you. The adder completely misses you.
The hound skeleton bites you.
* * * LOW HITPOINT WARNING * * *
The adder bites you.
You die...

######..P≈P≈≈≈≈ #.
....≈o≈≈≈≈≈≈≈≈≈P≈≈P ...
#..♣≈≈≈o≈P≈≈≈o≈≈≈≈≈ #.
#..♣.≈..≈♣≈P≈≈≈≈≈P≈ ..
##....≈.§.≈...≈≈≈♣≈≈
.####.....[.§§........#
......♣≈≈Po≈§§§.......#
.#..l.♣♣♣o§§§§§Z.≈≈...#
...#####≈♣§§§*§S@≈≈≈.$#
#### ##♣♣§§§♣≈≈♣♣...#
...### ♣♣♣♣♣♣♣♣ .###
##...##### ♣♣###.#
###.[...#### #.....#
#####....###.....##
####...>......#
####.......# #.......##


You could see an adder (weak-willed, ally target), 3 orcs, a hound skeleton
(weak-willed) and a friendly fulminant prism.

Vanquished Creatures
  A water moccasin skeleton (D:4)
  An orc priest (D:3)
  3 adders
  A worm (D:2)
  3 dart slugs
  6 orcs (D:3)
  A ball python (D:2)
  3 bats
  6 endoplasms
  2 hobgoblins (D:2)
  2 frilled lizards (D:3)
  6 kobolds
  4 rats (D:1)
39 creatures vanquished.

Vanquished Creatures (others)
  4 fulminant prisms (D:4)
  11 plants (D:4)
15 creatures vanquished.

Grand Total: 54 creatures vanquished

Notes
Turn   | Place    | Note
-------+----------+-------------------------------------------
     0 | D:1      | ooooo the Octopode Conjurer began the quest for the Orb.
     0 | D:1      | Reached XP level 1. HP: 11/11 MP: 3/3
   861 | D:1      | Reached XP level 2. HP: 17/17 MP: 3/5
  1168 | D:1      | Found a faded altar of an unknown god.
  2062 | D:2      | Reached XP level 3. HP: 21/21 MP: 3/6
  2264 | D:2      | Reached skill level 5 in Conjurations
  2605 | D:3      | Reached XP level 4. HP: 14/27 MP: 3/7
  2614 | D:2      | Learned a level 4 spell: Fulminant Prism
  3063 | D:3      | Found a snail-covered altar of Cheibriados.
  3117 | D:3      | Reached skill level 1 in Hexes
  4042 | D:4      | Reached XP level 5. HP: 16/31 MP: 0/8
  4218 | D:4      | Noticed Edmund
  4676 | D:4      | Slain by an adder

Illustrated notes

Levels and vault maps discovered:
D:1:      amcnicky_arrival_feature_with_door, layout_basic,
          ebering_ecumenical_altar_sacrificial, serial_forest,
          infiniplex_forest_lined_corner, infiniplex_forest_end_3,
          infiniplex_forest_end_2, infiniplex_forest_lined_2,
          infiniplex_forest_straight_4, infiniplex_forest_straight_2,
          infiniplex_forest_clump_curved, infiniplex_forest_clump_double,
          infiniplex_forest_clump_large, infiniplex_forest_3_way, nrook_uturn,
          patterned_corridor
D:2:      layout_basic, chequers_serial_rivers_room_b
D:3:      layout_rooms, kennysheep_slug_shrine
D:4:      layout_rooms, nicolae_overflow_hidden_temple, gup_sewer_entry_glass,
          serial_shops, shop, chequers_serial_rivers_micro_a,
          hangedman_abyss_or_decor_slice, minivault_19, serial_bayou_ford_a,
          minmay_box_of_dots, uniq_edmund

Skill      XL: |  1  2  3  4 |
---------------+-------------+-----
Conjurations   | 5 |  5.6
Hexes          | 2 |  2.9
Dodging        | |  2.0
Stealth        | |  2.6
Spellcasting   | |  2.0

Action                   |  1- 3 |  4- 6 || total
-------------------------+-------+-------++-------
Melee: Unarmed           |    10 |     5 ||    15
       Tentacles         |     2 |     1 ||     3
       Constrict         |     1 |     1 ||     2
 Cast: Magic Dart        |    46 |    44 ||    90
       Fulminant Prism   |       |     5 ||     5
  Use: Scroll            |       |     5 ||     5
       Potion            |       |     2 ||     2
Armor: Skin              |     1 |     4 ||     5
Dodge: Dodged            |     7 |    44 ||    51
